 Dungeon Crawl Stone Soup version 0.19.5 (webtiles) character file.

67 Cecillian the Vexing (level 4, 0/32 HPs)
             Began as a Demonspawn Arcane Marksman on May 14, 2017.
             Slain by a wight
             ... wielding a +0 long sword
              (4 damage)
             ... on level 3 of the Dungeon.
             The game lasted 00:07:32 (2446 turns).

Cecillian the Vexing (Demonspawn Arcane Marksman)   Turns: 2446, Time: 00:07:33

Health: 0/32       AC:  2    Str: 12    XL:     4   Next: 0%
Magic:  6/6        EV: 11    Int: 14    God:
Gold:   125        SH:  0    Dex: 13    Spells: 1 memorised, 5 levels left

rFire  . . .     SeeInvis .     a - +0 hand crossbow
rCold  . . .     Gourm    .     e - +0 robe
rNeg   . . .     Faith    .     (no shield)
rPois  .         Spirit   .     (no helmet)
rElec  .         Reflect  .     (no cloak)
rCorr  .         Harm     .     (no gloves)
MR     .....                    (no boots)
Stlth  +.........               n - amulet of regeneration
                                (no ring)
                                (no ring)

@: heavily drained
A: powered by death 1
a: no special abilities


You were on level 3 of the Dungeon.
You were hungry.

You visited 1 branch of the dungeon, and saw 3 of its levels.

You collected 125 gold pieces.

Inventory:

Hand Weapons
 a - a +0 hand crossbow (weapon)
 b - a +0 spear
Missiles
 d - 15 bolts (quivered)
 o - 12 sling bullets
Armour
 e - a +0 robe (worn)
 l - a cursed +0 buckler
Jewellery
 n - an amulet of regeneration (around neck)
Scrolls
 h - 2 scrolls of remove curse
Potions
 g - a potion of haste
 i - a potion of lignification
 p - a potion of might
Books
 c - a book of Debilitation

   Spells                             Type                      Level
   a - Corona                         Hexes                        1
   b - Slow                           Hexes                        2
   c - Gell's Gravitas                Hexes/Translocation          3
   d - Inner Flame                    Hexes/Fire                   3
   e - Cause Fear                     Hexes                        4
   f - Leda's Liquefaction            Hexes/Earth                  4
Comestibles
 f - 2 bread rations
 j - 2 meat rations
 m - a beef jerky


   Skills:
 + Level 1.5(0.0) Fighting
 + Level 2.2(0.6) Crossbows
 + Level 0.1(0.0) Armour
 + Level 2.2(0.6) Dodging
 + Level 1.6(0.0) Spellcasting
 * Level 3.7(2.0) Hexes


You had 5 spell levels left.
You knew the following spells:

 Your Spells              Type           Power        Failure   Level  Hunger
a - Corona                Hex            #......      14%         1    ##.....


Dungeon Overview and Level Annotations

Branches:
Dungeon (3/15)

Altars:
Ashenzari


Innate Abilities, Weirdness & Mutations

You regenerate a little health from kills.


Message History

Aim: a wight, wielding an enchanted dagger and wearing a robe You shoot a bolt.
The bolt hits the wight.
The wight is lightly damaged.
The wight misses you.
The wight hits you with an enchanted dagger!
You feel drained.
* * * LOW HITPOINT WARNING * * *
The wight misses you.
Your magical contamination has completely faded away.
Found 3 scrolls of fog.
You open the door.
The wight hits you with an enchanted dagger.
You feel drained.
There is an open door here. 2 wights come into view.
An ogre comes into view. It is wielding a giant club.
The wight hits you with a long sword!
* * * LOW HITPOINT WARNING * * *
You feel drained.
You die...

... .. ###.### #O##
..#.... #...##
#.#.#.#
.##....##.#.#.#
.......##.#.#.#
####.....##.#.#.##
.......zz......(#
#.......@##'#..#
###........#.....###
..........z#.....+.#
##.......#.....#.##.#
#.......#....<'....#
#.......#.....#.#..#
#.#'#####.....#.# .#
#.#......######.# #
........###.# #.#


You could see an ogre (sleeping) and 3 wights.

Vanquished Creatures
  An adder (D:1)
  An ooze (D:2)
  2 worms (D:2)
  2 leopard geckos
  6 giant cockroaches
  6 goblins
  4 hobgoblins
  A quokka (D:2)
  6 bats
  2 frilled lizards (D:2)
  5 kobolds
  9 rats
45 creatures vanquished.

Notes
Turn   | Place    | Note
-------+----------+-------------------------------------------
     0 | D:1      | Cecillian the Demonspawn Arcane Marksman began the quest for the Orb.
     0 | D:1      | Reached XP level 1. HP: 15/15 MP: 2/2
   203 | D:1      | Found a shattered altar of Ashenzari.
   291 | D:1      | Gained mutation: You regenerate a little health from kills. [demonic ancestry]
   291 | D:1      | Reached XP level 2. HP: 16/21 MP: 3/3
   994 | D:1      | Reached XP level 3. HP: 10/26 MP: 4/4
  2414 | D:3      | Reached XP level 4. HP: 31/32 MP: 6/6
  2445 | D:3      | Noticed an ogre
  2446 | D:3      | Slain by a wight

Skill      XL: |  1  2 |
---------------+-------+-----
Crossbows      | 2 |  2.2
Dodging        | 2 |  2.2
Fighting       | |  1.5
Armour         | |  0.1
Spellcasting   | |  1.6
Hexes          | |  3.7

Action                   |  1- 3 |  4- 6 || total
-------------------------+-------+-------++-------
Melee: Spear             |   149 |       ||   149
 Fire: Hand crossbow     |    17 |     4 ||    21
 Cast: Corona            |    16 |     2 ||    18
  Use: Scroll            |     7 |       ||     7
 Stab: Sleeping          |     2 |       ||     2
  Eat: Chunk             |     5 |       ||     5
Armor: Robe              |    20 |       ||    20
Dodge: Dodged            |    90 |     5 ||    95
